 Dungeon Crawl Stone Soup version 0.26.1-11-gd32895ea62 (webtiles) character file.

Game seed: 17801272817388809902

51 Descartes the Changer (level 3, -5/15 HPs)
             Began as a Felid Transmuter on July 16, 2021.
             Killed from afar by Sigmund (6 damage)
             ... with a magic dart
             ... on level 2 of the Dungeon.
             The game lasted 00:03:22 (1514 turns).

Descartes the Changer (Felid Transmuter)            Turns: 1514, Time: 00:03:23

Health: -5/15      AC:  1    Str:  7    XL:     3   Next: 57%
Magic:  7/7        EV: 18    Int: 14    God:
Gold:   86         SH:  0    Dex: 16    Spells: 5/6 levels left
                                        Lives:  0   Deaths: 0

rFire    . . .     SeeInvis +     - Unarmed
rCold    . . .     Faith    .   (shield unavailable)
rNeg     . . .     Spirit   .   (armour unavailable)
rPois    .         Reflect  .   (helmet unavailable)
rElec    .         Harm     .   (cloak unavailable)
rCorr    .         Rampage  .   (gloves unavailable)
Will     .....                  (boots unavailable)
Stlth    ++........             (no amulet)
HPRegen  0.05/turn              (no ring)
MPRegen  0.10/turn              (no ring)

@: quick
A: very small, no armour, no weapons or thrown items, stealth, claws 1, fangs 3,
see invisible, speed 1, shaggy fur 1, sharp paws
a: no special abilities


You were on level 2 of the Dungeon.
You visited 1 branch of the dungeon, and saw 2 of its levels.

You collected 86 gold pieces.

Inventory:

Missiles
 b - 24 stones
Jewellery
 c - an uncursed amulet of the acrobat {unknown}
 h - an uncursed ring of willpower {unknown}
Scrolls
 d - 2 scrolls of identify {unknown}
 e - a scroll of teleportation {unknown}
 f - a scroll of magic mapping {unknown}
 g - 2 scrolls of enchant armour {unknown}
Potions
 a - a potion of brilliance {unknown}
 i - a potion of cancellation {unknown}


   Skills:
 - Level 1.0 Fighting
 - Level 2.6 Dodging
 - Level 3.0 Unarmed Combat
 - Level 2.0 Spellcasting
 + Level 4.4 Transmutations


You had 5 spell levels left.
You knew the following spells:

 Your Spells              Type           Power        Failure   Level
a - Beastly Appendage     Tmut           26%          3%          1

Your spell library contained the following spells:

 Spells                   Type           Power        Failure   Level
 Wereblood                Tmut           13%          6%          2
 Spider Form              Tmut/Pois      3%           28%         3
 Confusing Touch          Hex            1%           56%         3
 Gell's Gravitas          Tloc           0%           56%         3
 Ice Form                 Ice/Tmut       7%           67%         4
 Petrify                  Tmut/Erth      7%           67%         4
 Blade Hands              Tmut           6%           71%         5
 Yara's Violent Unravell  Hex/Tmut       3%           95%         5
 Metabolic Englaciation   Hex/Ice        0%           100%        5


Dungeon Overview and Level Annotations

Branches:
Dungeon (2/15)

Altars:

Annotations:
D:2 Sigmund


Innate Abilities, Weirdness & Mutations

You cannot wear armour.
You are incapable of wielding weapons or throwing items.
Your paws allow you to move quietly. (Stealth)
You have sharp claws.
You have razor-sharp teeth.
You have supernaturally acute eyesight. (SInv)
You cover ground quickly.
You are covered in fur. (AC +1)
Your sharp claws are effective at attacking unaware monsters.


Message History

You grow a pair of large bovine horns.
Your transformation is almost over.
Sigmund the Dreaded comes into view.
He is wielding a -3 scythe.
Sigmund shouts!
Found an encrusted gilded ring.
You scratch the worm but do no damage. You scratch the worm.
The worm is lightly wounded.
Sigmund casts a spell at you. The puff of flame hits you.
The worm closely misses you.
You scratch the worm but do no damage.
The worm is lightly wounded.
Your horns disappear.
Sigmund gestures at you while chanting. The magic dart hits you!
Ouch! That really hurt!
* * * LOW HITPOINT WARNING * * *
Sigmund points at you and mumbles some strange words.
The magic dart hits you.
You die...

#######..#.####.# #.#.###.
########......... #.#.#.#.
#......#.#.####.# #<..#.
#............... #####.
########......##..###.. #.
..............##..# #.
#............##..# #.
#...........###..# #.
#.......)...# #@.# #..........#
#...........# ##.# #..........#
#...........# #.# #..........#
#...........####.###..........#
##....####........# ..#.......#.
.......# #........# #.#.......=.
.......####........# #.#...$...#
................)@.# #..w......#
...................###@#########


You could see Sigmund.

Vanquished Creatures
  An adder (D:2)
  An ooze (D:1)
  A leopard gecko (D:1)
  4 giant cockroaches
  3 goblins (D:1)
  10 hobgoblins
  A ball python (D:1)
  A bat (D:1)
  4 frilled lizards (D:1)
  6 kobolds (D:1)
  3 rats (D:1)
35 creatures vanquished.

Notes
Turn   | Place    | Note
-------+----------+-------------------------------------------
     0 | D:1      | Descartes the Felid Transmuter began the quest for the Orb.
     0 | D:1      | Reached XP level 1. HP: 9/9 MP: 4/4
   167 | D:1      | Reached skill level 3 in Transmutations
   175 | D:1      | Reached XP level 2. HP: 11/12 MP: 6/6
   916 | D:1      | Reached XP level 3. HP: 15/15 MP: 5/7
  1040 | D:1      | Reached skill level 4 in Transmutations
  1385 | D:2      | Found a faded altar of an unknown god.
  1495 | D:2      | Noticed Sigmund
  1514 | D:2      | Killed from afar by Sigmund

Illustrated notes

Levels and vault maps discovered:
D:1:      evilmike_arrival_plus, layout_rooms, nrook_mini_vaults,
          dk_noncrumbling_2, minmay_misc_feat_cross,
          hangedman_decor_diamond_cutter, hangedman_decor_clover_reticule
D:2:      layout_basic, evilmike_ruin_ashenzari, overflow_temple_1_default,
          lemuel_round_altar, chequers_ecumenical_altar_simple_redux,
          lemuel_statue_altar, uniq_sigmund, uniq_terence

Skill      XL: |  1  2  3 |
---------------+----------+-----
Transmutations | 3 4 |  4.4
Fighting       | |  1.0
Dodging        | |  2.6
Unarmed Combat | |  3.0
Spellcasting   | |  2.0

Action                   || total
-------------------------++-------
Melee: Unarmed           ||    85
       Bite              ||     6
       Headbutt          ||     9
       Punch             ||     1
 Cast: Beastly Appendage ||    20
 Stab: Sleeping          ||     1
Armor: Skin              ||     2
Dodge: Dodged            ||    85
